Description

This build only gives 100% winrate if you don't count the losses, however it still is a fantastic build which should increase your rank very quickly. Please practice this build vs the AI before taking it to the ladder.

VOD

https://www.youtube.com/watch?v=2mF2-8BXY50

Replay - 2019-09-22 - (P)Harstem VS (P)A.I. 1 (Very Easy)

Build Order

Get SALT Encoding   

  12  0:01  Probe  
  13  0:13  Probe  
  14  0:20  Pylon  
  14  0:25  Probe  
  15  0:38  Probe (Chrono Boost)  
  16  0:45  Gateway  
  16  0:47  Probe (Chrono Boost)  
  17  0:51  Assimilator  
  17  0:52  Probe (Chrono Boost)  
  18  1:04  Probe  
  19  1:16  Probe  
  20  1:25  Nexus  
  20  1:32  Cybernetics Core  
  20  1:36  Probe  
  21  1:42  Assimilator  
  21  1:48  Probe  
  21  1:51  Pylon  
  23  2:07  Adept (Chrono Boost)  
  26  2:20  Twilight Council  
  27  2:23  Warp Gate  
  28  2:31  Stalker (Chrono Boost)  
  34  2:51  Robotics Facility  
  36  3:15  Gateway x2  
  36  3:19  Resonating Glaives (Chrono Boost)  
  39  3:31  Gateway x2  
  39  3:36  Warp Prism (Chrono Boost)  
  41  3:45  Pylon  
  42  3:51  Pylon  
  43  3:56  Assimilator x2  
  45  4:12  Adept x3  
  45  4:14  Pylon  
  53  4:30  Adept x5  
  61  4:40  Dark Shrine  
  61  4:54  Adept  
  94  6:03  Dark Templar x3  
Spawning Tool Build Advisor. Get it on Overwolf

Analysis

https://www.youtube.com/watch?v=2mF2-8BXY50

Go to:

Details

  • Created by: lautaromss
  • Published on: Mar 18, 2020
  • Modified on: Mar 18, 2020
  • Patch: 4.11.0
Show
View Real Time Build Order
Export as new Build Order

Comments (0)

There are no comments. Be the first!

Create an account to comment!